 Dungeon Crawl Stone Soup version 0.27-a0-1046-g98bf31544f (webtiles) character file.

Game seed: 3334141284487979698

182088 robertstho the Warrior (level 17, -35/168 HPs)
             Began as a Minotaur Berserker on Apr 19, 2021.
             Was a High Priest of Trog.
             Killed from afar by a frost giant (46 damage)
             ... with a bolt of cold
             ... on level 4 of the Shoals.
             The game lasted 00:57:24 (34015 turns).

robertstho the Warrior (Minotaur Berserker)        Turns: 34015, Time: 00:57:26

Health: -35/168    AC: 35    Str: 30    XL:     17   Next: 70%
Magic:  16/16      EV: 14    Int:  5    God:    Trog [*****.]
Gold:   1421       SH: 23    Dex: 20    Spells: 16/16 levels left

rFire    + . .     SeeInvis .   G - +10 broad axe "Worm's Wrath" {vorpal, Will+ Int+5}
rCold    x . .     Faith    .   A - +2 kite shield {reflect}
rNeg     . . .     Spirit   .   Y - +1 plate armour "Bazapsea" {+Inv}
rPois    +         Reflect  +   (helmet restricted)
rElec    +         Harm     .   j - +3 cloak "Nomiutt" {rPois Int-3 Dex+3 Slay+5}
rCorr    .         Rampage  .   Z - +2 pair of gloves {Str+3}
Will     ++...                  M - +2 pair of boots {Stlth+}
Stlth    ..........             h - amulet of reflection
HPRegen  0.38/turn              i - +4 ring of protection
MPRegen  0.15/turn              x - ring of Bouxut {Fly rElec rF+ rC- Dex+6}

@: on berserk cooldown, flying, slowed, very slow
A: horns 2, retaliatory headbutt, dopey 1
a: Renounce Religion, Evoke Invisibility, Berserk, Trog's Hand, Brothers in Arms


You were on level 4 of the Shoals.
You worshipped Trog.
Trog was extremely pleased with you.
You visited 4 branches of the dungeon, and saw 27 of its levels.
You visited the Abyss 1 time.
You also visited: Bailey, Gauntlet, Ice Cave and Volcano.

You collected 3597 gold pieces.
You spent 2176 gold pieces at shops.

Inventory:

Hand Weapons
 G - the +10 broad axe "Worm's Wrath" (weapon) {vorpal, Will+ Int+5}
   (You acquired it on level 2 of the Orcish Mines)

   It inflicts extra damage upon your enemies.
   It affects your intelligence (+5).
   It increases your willpower.
 S - a +4 broad axe of flaming
Missiles
 p - 5 atropa-tipped darts
 N - 7 boomerangs of dispersal
Armour
 j - the +3 cloak "Nomiutt" (worn) {rPois Int-3 Dex+3 Slay+5}
   (You bought it in a shop on level 2 of the Orcish Mines)

   It affects your intelligence (-3).
   It affects your dexterity (+3).
   It affects your accuracy and damage with ranged weapons and melee attacks
   (+5).
   It protects you from poison.
 q - the +7 scale mail of the Cooper {rPois Dex+4 SInv}
   (You found it on level 6 of the Dungeon)

   It affects your dexterity (+4).
   It protects you from poison.
   It lets you see invisible.
 A - a +2 kite shield of reflection (worn)
 I - the +1 chain mail of Hubris {rF++ Int+3}
   (You found it on level 13 of the Dungeon)

   It affects your intelligence (+3).
   It greatly protects you from fire.
 M - a +2 pair of boots of stealth (worn)
 O - a +2 cloak of preservation
 T - the +1 pearl dragon scales of Mumblety Peg {rN+ Int+5}
   (You took it off a minotaur in a Gauntlet)

   It affects your intelligence (+5).
   It protects you from negative energy.
 Y - the +1 plate armour "Bazapsea" (worn) {+Inv}
   (You bought it in a shop on level 2 of the Orcish Mines)

   It lets you turn invisible.
 Z - a +2 pair of gloves of strength (worn)
Jewellery
 c - a +6 ring of strength
 h - an amulet of reflection (around neck)
 i - a +4 ring of protection (left hand)
 k - a ring of poison resistance
 s - a ring of flight
 u - a ring of resist corrosion
 x - the ring of Bouxut (right hand) {Fly rElec rF+ rC- Dex+6}
   (You found it in a Gauntlet)

   [ring of protection from fire]

   It affects your dexterity (+6).
   It protects you from fire.
   It makes you vulnerable to cold.
   It insulates you from electricity.
   It grants you flight.
 y - a ring of willpower
 B - a ring of see invisible
 E - a +4 ring of protection
 H - a ring of protection from cold
 R - the ring "Zuargh" {rN+ rCorr Str-5 Dex+3 SInv}
   (You took it off a minotaur in a Gauntlet)

   [ring of positive energy]

   It affects your strength (-5).
   It affects your dexterity (+3).
   It protects you from negative energy.
   It lets you see invisible.
   It protects you from acid and corrosion.
Wands
 a - a wand of iceblast (41)
 d - a wand of acid (16)
 t - a wand of digging (13)
 Q - a wand of mindburst (81)
Scrolls
 b - 9 scrolls of enchant armour
 e - a scroll of magic mapping
 l - 2 scrolls of identify
 m - 2 scrolls of immolation
 n - 4 scrolls of fear
 w - 11 scrolls of teleportation
 L - 2 scrolls of fog
 P - a scroll of summoning
 U - a scroll of holy word
 X - 2 scrolls of silence
Potions
 f - 11 potions of attraction
 g - a potion of cancellation {unknown}
 o - 2 potions of invisibility
 v - 17 potions of curing
 z - 4 potions of ambrosia
 D - 7 potions of heal wounds
 F - 5 potions of haste
 J - 3 potions of mutation
 K - 6 potions of might
 W - 3 potions of resistance
Miscellaneous
 r - a lightning rod (4/4)
 C - a condenser vane


   Skills:
 * Level 19.5 Fighting
 + Level 2.9 Long Blades
 + Level 18.8 Axes
 * Level 16.9 Armour
 + Level 8.9 Dodging
 - Level 0.2 Stealth
 + Level 16.8 Shields
 + Level 0.2 Evocations


You had 16 spell levels left.
You didn't know any spells.
Your spell library was empty.

Dungeon Overview and Level Annotations

Branches:
Dungeon (15/15)            Temple (0/1) D:6            Lair (6/6) D:11
 Shoals (4/4) Lair:3       Spider (0/4) Lair:3        Slime (0/5) Lair:5
    Orc (2/2) D:12            Elf (0/3) Orc:2        Vaults (0/5) D:13
 Depths (0/5) D:15         Bailey (visited)           IceCv (visited)
Volcano (visited)         Gauntlet (visited)

Altars:
Cheibriados
Dithmenos
Elyvilon
Gozag
Hepliaklqana
Nemelex Xobeh
Okawaru
Ru
Sif Muna
Wu Jian
The Shining One
Beogh
Jiyva

Shops:
D:11 (   D:15 !   Orc:1 *   Orc:2 [([*=(*!   Shoals:1 **

Portals:
Abyss: Shoals:3

Annotations:
Shoals:1 3 runed translucent doors, exclusion: obsidian statue, Xoagute's ghost, adept DEFE


Innate Abilities, Weirdness & Mutations

You have a pair of horns on your head.
You reflexively headbutt those who attack you in melee.
You are dopey. (Int -2)


Message History

Things that are here:
a +0 rapier; a +0 robe You slash the merfolk impaler!
You headbutt the merfolk impaler!
The merfolk impaler is heavily wounded.
You slice the merfolk!! You slice the frost giant!!
The frost giant points at you and mumbles some strange words.
The bolt of cold hits you!!!
You feel a terrible chill!
* * * LOW HITPOINT WARNING * * *
The merfolk impaler hits you from afar with a +2 trident of freezing.
* * * LOW HITPOINT WARNING * * *
The merfolk impaler freezes you.
* * * LOW HITPOINT WARNING * * *
You block the merfolk impaler's attack. The merfolk impaler barely misses you.
The sea snake is engulfed in freezing vapours.
The sea snake bites you.
* * * LOW HITPOINT WARNING * * *
You block the merfolk's attack.
The frost giant hits you but does no damage.
Things that are here:
a +1 vampiric spear; 18 silver javelins; a +0 leather armour You feel a strong urge to attack something.
A merfolk comes into view. It is wielding a +0 trident.
You are no longer berserk.
Trog's vigour flows through your veins.
You are exhausted.
You feel yourself slow down. You block the merfolk impaler's attack.
The sea snake is engulfed in freezing vapours.
The sea snake seems to slow down.
You block the merfolk impaler's attack.
You see here a water nymph corpse.
You block the merfolk's attack. x2
The merfolk siren chants a haunting song.
You resist with almost no effort.
As you read the scroll of fear, it crumbles to dust.
You assume a fearsome visage.
The merfolk impaler looks frightened!
The merfolk siren looks frightened!
The frost giant resists with almost no effort.
The sea snake looks frightened!
The merfolk looks frightened!
The frost giant casts a spell at you. The bolt of cold hits you!!!
You feel a terrible chill!
You die...

)≈≈≈≈≈≈≈≈≈≈≈≈≈...........
≈≈≈≈≈≈≈≈≈≈≈≈≈............
≈≈≈≈≈≈≈≈≈≈≈≈≈≈...........
≈≈≈≈≈≈≈≈≈≈≈≈≈≈...........
≈≈≈≈≈≈≈≈≈≈≈≈≈≈≈..........
≈≈≈≈≈≈≈≈≈≈≈≈≈≈.....m.....
≈≈≈≈≈≈≈≈≈≈P≈≈≈..≈≈≈.....≈
≈≈≈≈≈≈≈≈≈≈≈≈≈≈..≈≈#
≈≈≈≈≈≈≈≈≈≈≈≈≈≈..@○####
≈≈≈≈≈≈≈≈≈≈≈P≈P≈.##C)S##≈≈#
≈≈≈≈≈≈≈≈≈≈≈≈≈PP≈.#°mm≈≈≈≈#
≈≈≈≈≈≈≈≈≈≈≈≈P≈P≈≈#mm#≈#≈≈#
≈..≈P≈≈≈≈≈≈≈≈P≈≈≈#≈≈≈φ≈≈ #
...P≈≈≈≈≈≈PP≈≈P≈###≈#≈#≈#
..P.≈P≈≈≈≈P≈≈≈≈≈# ≈≈≈≈≈≈#
....P≈≈≈≈≈≈≈PP≈≈## ≈#≈#≈##
....PP≈≈≈≈≈≈≈P≈≈≈≈#### ##


You could see a frost giant, a merfolk impaler, a sea snake (fleeing, slow), a
merfolk (fleeing) and a merfolk siren (fleeing).

Vanquished Creatures
  A hellephant (Shoals:3)
  A tentacled starspawn (Abyss:1)
  An Executioner (Abyss:1)
  A kraken (Shoals:4)
  The ghost of Shayle the Spry, an adept DjIE of Makhleb (Shoals:3)
  The ghost of HendSelp the Warrior, a journeyman MiGl of Gozag (D:14)
  Donald (Orc:2)
  An orc warlord (Orc:2)
  Ilsuiw (Shoals:2)
  A balrug (Gauntlet)
  A cacodemon (Shoals:3)
  A very ugly thing (Shoals:3)
  A stone giant (D:15)
  Nessos (Lair:4)
  A minotaur (Gauntlet)
  A blizzard demon (Gauntlet)
  8 merfolk javelineers
  8 merfolk impalers
  A naga warrior (Abyss:1)
  A great orb of eyes (Shoals:3)
  10 hydras
  3 boulder beetles
  Erolcha (Orc:2)
  2 ogre magi
  Erica (Lair:1)
  2 satyrs (Shoals:3)
  4 alligator snapping turtles
  4 merfolk aquamancers
  A death knight (D:14)
  2 merfolk avatars
  8 centaur warriors
  3 tengu warriors
  8 two-headed ogres
  6 death yaks
  An orc high priest (Orc:2)
  A death scarab (Gauntlet)
  5 thrashing horrors
  A hell knight (Volcano)
  A deep elf knight (D:13)
  Sonja (Orc:2)
  A sun demon (Volcano)
  A wretched star (Abyss:1)
  27 sea snakes
  5 large abominations (Abyss:1)
  A kraken simulacrum (Shoals:4)
  A flayed ghost (D:15)
  A lindwurm (Lair:5)
  9 harpies
  A wizard (D:14)
  9 orc knights
  3 deep elf zephyrmancers (D:13)
  5 oklob plants
  2 ugly things (Volcano)
  12 manticores
  An orc sorcerer (Orc:2)
  7 fauns
  4 elephants (Lair:6)
  2 cyclopes
  6 black mambas
  13 merfolk sirens
  An apocalypse crab (Shoals:3)
  5 water nymphs
  4 torpor snails
  A guardian serpent (Abyss:1)
  21 cane toads
  Maggie (D:7)
  2 unseen horrors
  11 komodo dragons
  4 yaktaurs (D:15)
  A kobold demonologist (D:13)
  4 rime drakes
  2 freezing wraiths (D:14)
  2 tengu conjurers
  2 ice devils (Gauntlet)
  10 trolls
  A red devil (Volcano)
  A hellwing (Abyss:1)
  A troll (shapeshifter) (D:14)
  20 merfolk
  A hornet (Lair:5)
  7 polar bears
  22 slime creatures
  8 wind drakes
  6 blink frogs
  5 raiju
  6 small abominations
  7 snapping turtles
  A spectral black mamba (Gauntlet)
  2 shadows
  3 vampires
  A centaur simulacrum (D:14)
  7 wyverns
  4 wraiths
  49 yaks
  9 water elementals
  2 basilisks
  A chaos spawn (Abyss:1)
  8 vampire mosquitoes
  Menkaure (D:7)
  A warg (Orc:2)
  15 water moccasins
  2 acid dragons (Gauntlet)
  2 hell hounds (Volcano)
  A hornet zombie (D:6)
  An ice beast (D:8)
  23 orc warriors
  A meliai simulacrum (D:10)
  A sky beast (D:7)
  6 black bears
  3 necrophages
  10 starcursed masses (Abyss:1)
  17 centaurs
  19 wolves
  12 ogres
  5 kobold brigands
  11 bullfrogs
  A gnoll sergeant (D:10)
  3 scorpions
  A water moccasin zombie (D:6)
  A wyvern zombie (D:9)
  A howler monkey (D:6)
  5 wights (D:7)
  An electric eel (Lair:1)
  5 centaur zombies
  3 jellies (D:6)
  3 centaur skeletons
  5 hounds
  9 orc priests
  4 bullfrog skeletons
  A gnoll shaman (D:8)
  Natasha (twice) (D:4)
  A scorpion zombie (D:5)
  2 iguanas
  18 orc wizards
  2 killer bee zombies
  12 gnolls
  9 adders
  2 howler monkey skeletons (D:6)
  A white imp (D:6)
  2 ufetubi
  2 worms (D:3)
  66 orcs
  7 ball pythons
  3 bats
  3 endoplasms
  4 giant cockroaches
  5 goblins
  4 hobgoblins
  7 jackals
  A quokka (D:2)
  7 frilled lizards
  12 kobolds
  7 rats
  A plant (D:11)
  5 tentacles (Shoals:4)
812 creatures vanquished.

Vanquished Creatures (collateral kills)
  A merfolk impaler (Shoals:4)
  A merfolk avatar (Lair:6)
  An orc high priest (Orc:2)
  A harpy (Shoals:4)
  2 orc knights (Bailey)
  An orc sorcerer (Orc:2)
  An elephant (Lair:6)
  A cane toad (Lair:6)
  2 komodo dragons (Lair:6)
  A wind drake (Lair:6)
  7 slime creatures
  5 orc warriors (Orc:2)
  2 orc wizards (Orc:2)
  An orc (Orc:2)
27 creatures vanquished.

Vanquished Creatures (others)
  2 yaks (IceCv)
  A wolf (IceCv)
  An orc (Orc:2)
  20 fungi
  A lurking horror (Abyss:1)
  109 plants
  3 tentacles (Shoals:4)
137 creatures vanquished.

Grand Total: 976 creatures vanquished

Notes
Turn   | Place    | Note
-------+----------+-------------------------------------------
     0 | D:1      | robertstho the Minotaur Berserker began the quest for the
                  | Orb.
     0 | D:1      | Reached XP level 1. HP: 19/19 MP: 0/0
   258 | D:1      | Reached XP level 2. HP: 23/27 MP: 1/1
   614 | D:1      | Reached skill level 4 in Fighting
   710 | D:1      | Found a faded altar of an unknown god.
  1267 | D:2      | Reached XP level 3. HP: 31/33 MP: 2/2
  1405 | D:2      | Reached ** piety under Trog
  1408 | D:2      | Reached skill level 1 in Shields
  1410 | D:2      | Reached XP level 4. HP: 29/41 MP: 3/3
  2917 | D:3      | Found a glowing golden altar of the Shining One.
  3168 | D:3      | Reached skill level 5 in Axes
  3168 | D:3      | Reached XP level 5. HP: 43/47 MP: 4/4
  3566 | D:4      | Found a sacrificial altar of Ru.
  3570 | D:4      | Found an iron altar of Okawaru.
  3638 | D:4      | Noticed a centaur
  3639 | D:4      | Noticed Natasha
  3647 | D:4      | Killed Natasha
  3648 | D:4      | Reached skill level 5 in Fighting
  3648 | D:4      | Killed a centaur
  3649 | D:4      | Reached XP level 6. HP: 56/56 MP: 5/5
  4010 | D:4      | Noticed Natasha
  4018 | D:4      | Killed Natasha
  4018 | D:4      | Reached *** piety under Trog
  4104 | D:5      | Entered Level 5 of the Dungeon
  4113 | D:5      | Reached XP level 7. HP: 62/62 MP: 6/6
  4223 | D:5      | Reached skill level 5 in Armour
  4297 | D:5      | Reached skill level 6 in Fighting
  4507 | D:5      | Found a shadowy altar of Dithmenos.
  5083 | D:5      | Found a shimmering blue altar of Sif Muna.
  5311 | D:6      | Reached XP level 8. HP: 65/70 MP: 7/7
  5320 | D:6      | Identified the +7 scale mail of the Cooper {rPois Dex+4
                  | SInv}
  5447 | D:6      | Reached skill level 7 in Fighting
  5512 | D:6      | Reached XP level 9. HP: 41/79 MP: 8/8
  5929 | D:6      | Found a staircase to the Ecumenical Temple.
  6152 | D:7      | Reached skill level 5 in Shields
  6176 | D:7      | Reached **** piety under Trog
  6366 | D:7      | Noticed Menkaure
  6373 | D:7      | Killed Menkaure
  6820 | D:7      | Reached skill level 8 in Fighting
  7141 | D:7      | Noticed Maggie
  7155 | D:7      | Killed Maggie
  7156 | D:7      | Reached skill level 10 in Axes
  7156 | D:7      | Found an opulent altar of Gozag.
  7634 | D:8      | Reached XP level 10. HP: 90/90 MP: 9/9
  7719 | D:8      | Reached skill level 9 in Fighting
  8214 | D:9      | Found a flagged portal.
  8223 | Bailey   | Entered a bailey
  8545 | Bailey   | Noticed an orc knight
  8546 | Bailey   | Noticed an orc knight
  8727 | Bailey   | Killed an orc knight
  8844 | Bailey   | Killed an orc knight
  8845 | Bailey   | Reached skill level 10 in Armour
  9232 | Bailey   | Noticed an orc knight
  9271 | Bailey   | Killed an orc knight
  9272 | Bailey   | Reached skill level 10 in Fighting
  9374 | Bailey   | Noticed an orc knight
  9395 | Bailey   | Noticed an orc knight
  9406 | Bailey   | HP: 1/93 [orc knight/+0 glaive (11)]
  9415 | Bailey   | Killed an orc knight
  9416 | Bailey   | Reached skill level 5 in Dodging
  9416 | Bailey   | Killed an orc knight
  9881 | D:9      | Noticed a two-headed ogre
  9882 | D:9      | Found an ornate altar of the Wu Jian Council.
  9882 | D:9      | Noticed a two-headed ogre
  9886 | D:9      | Killed a two-headed ogre
  9887 | D:9      | Reached XP level 11. HP: 100/100 MP: 10/10
  9889 | D:9      | Killed a two-headed ogre
  9890 | D:9      | Found a sparkling altar of Nemelex Xobeh.
 10908 | D:10     | Entered Level 10 of the Dungeon
 10925 | D:10     | Noticed a tengu warrior
 10926 | D:10     | Noticed a tengu warrior
 10967 | D:10     | HP: 5/101 [tengu warrior/+0 bardiche[a tengu warrior] (8)]
 10975 | D:10     | Killed a tengu warrior
 10975 | D:10     | Killed a tengu warrior
 11172 | D:10     | Reached skill level 11 in Fighting
 11366 | D:10     | Found a white marble altar of Elyvilon.
 11707 | D:10     | Identified the +3 long sword of Victory {vorpal, *Slow
                  | rPois Int+4 Dex+4}
 11894 | D:11     | Found Vekocid's Weapon Boutique.
 11998 | D:11     | Found a transporter.
 12001 | D:11     | Found a viscous altar of Jiyva.
 12002 | D:11     | Found a transporter.
 12190 | D:11     | Noticed an oklob plant
 12194 | D:11     | Found a staircase to the Lair.
 12199 | D:11     | Killed an oklob plant
 12791 | D:11     | Reached skill level 10 in Shields
 12791 | D:11     | Reached XP level 12. HP: 110/110 MP: 11/11
 13013 | D:12     | Noticed a four-headed hydra
 13022 | D:12     | Killed a one-headed hydra
 13023 | D:12     | Reached skill level 12 in Fighting
 13037 | D:12     | Found a staircase to the Orcish Mines.
 13172 | D:12     | Noticed a five-headed hydra
 13183 | D:12     | Killed a one-headed hydra
 13184 | D:12     | Reached skill level 1 in Long Blades
 13960 | D:13     | Noticed a two-headed ogre
 13966 | D:13     | Found a gate to the Vaults.
 13973 | D:13     | Noticed an ogre mage
 13979 | D:13     | Killed a two-headed ogre
 13983 | D:13     | Noticed a centaur warrior
 13996 | D:13     | Killed a centaur warrior
 14005 | D:13     | Killed an ogre mage
 14064 | D:13     | Reached skill level 13 in Fighting
 14074 | D:13     | Found a gate leading to a gauntlet.
 14086 | Gauntlet | Entered a Gauntlet
 14086 | Gauntlet | Found a transporter.
 14094 | Gauntlet | Noticed a death scarab
 14248 | Gauntlet | Found a transporter.
 14251 | Gauntlet | Found a transporter.
 14252 | Gauntlet | Found a transporter.
 14263 | Gauntlet | Found a transporter.
 14264 | Gauntlet | Found a transporter.
 14264 | Gauntlet | Found a transporter.
 14273 | Gauntlet | Noticed a blizzard demon
 14276 | Gauntlet | Found a transporter.
 14277 | Gauntlet | Found a transporter.
 14277 | Gauntlet | Found a transporter.
 14288 | Gauntlet | Found a transporter.
 14288 | Gauntlet | Found a transporter.
 14289 | Gauntlet | Found a transporter.
 14294 | Gauntlet | Noticed a balrug
 14297 | Gauntlet | Found a transporter.
 14346 | Gauntlet | Found a runed translucent door.
 14385 | Gauntlet | Killed a death scarab
 14435 | Gauntlet | Reached XP level 13. HP: 122/122 MP: 12/12
 14515 | Gauntlet | Killed a blizzard demon
 14646 | Gauntlet | Killed a balrug
 14976 | Gauntlet | Identified the +1 pearl dragon scales of Mumblety Peg {rN+
                  | Int+5}
 14976 | Gauntlet | Identified the ring "Zuargh" {rN+ rCorr Str-5 Dex+3 SInv}
 14976 | Gauntlet | Noticed a minotaur
 14991 | Gauntlet | Killed a minotaur
 15087 | Gauntlet | Identified Qoiph's Grimoire of Earthen Changing
 15089 | Gauntlet | Identified the +1 robe "Vulyep" {rF+ Str+7 Dex-2}
 15096 | Gauntlet | Identified the ring of Bouxut {Fly rElec rF+ rC- Dex+6}
 15778 | D:13     | Identified the +7 arbalest of Greed {flame, Dex+3}
 15956 | D:13     | Identified the +1 chain mail of Hubris {rF++ Int+3}
 16686 | D:14     | Found a frozen archway.
 16703 | IceCv    | Entered an ice cave
 17399 | D:14     | Reached skill level 14 in Fighting
 17431 | D:14     | Found a runed translucent door.
 17435 | D:14     | Noticed HendSelp's ghost (journeyman MiGl)
 18278 | D:14     | Killed HendSelp's ghost
 18510 | D:15     | Entered Level 15 of the Dungeon
 18521 | D:15     | Reached XP level 14. HP: 132/132 MP: 13/13
 18807 | D:15     | Found a staircase to the Depths.
 18807 | D:15     | Noticed a stone giant
 18818 | D:15     | Killed a stone giant
 19131 | D:15     | Reached skill level 15 in Axes
 19185 | D:15     | Found Fiemyt's Distillery.
 19193 | D:15     | Bought 2 potions of curing for 72 gold pieces
 19193 | D:15     | Bought a potion of curing for 36 gold pieces
 19193 | D:15     | Bought a potion of curing for 36 gold pieces
 19193 | D:15     | Bought a potion of curing for 36 gold pieces
 19193 | D:15     | Bought a potion of resistance for 120 gold pieces
 19193 | D:15     | Bought a potion of might for 48 gold pieces
 19193 | D:15     | Bought a potion of brilliance for 48 gold pieces
 19894 | Lair:1   | Entered Level 1 of the Lair of Beasts
 19913 | Lair:1   | Reached ***** piety under Trog
 21301 | Lair:1   | Noticed Erica
 21308 | Lair:1   | Reached skill level 15 in Fighting
 21312 | Lair:1   | Killed Erica
 21726 | Lair:2   | Found a hazy altar of Hepliaklqana.
 22107 | Lair:2   | Identified the Handbook of Attacks
 22485 | Lair:3   | Found a dark tunnel.
 22491 | Volcano  | Entered a volcano
 22672 | Volcano  | Received a gift from Trog
 22683 | Volcano  | Reached XP level 15. HP: 141/141 MP: 14/14
 22966 | Lair:3   | Found a hole to the Spider Nest.
 23024 | Lair:3   | Found the +7 great mace "Firestarter" {inner flame, rF++}
 23142 | Lair:3   | Found a snail-covered altar of Cheibriados.
 23524 | Lair:3   | Found a staircase to the Shoals.
 24047 | Lair:4   | Noticed Nessos
 24054 | Lair:4   | Killed Nessos
 24616 | Lair:5   | Found a staircase to the Slime Pits.
 24616 | Lair:5   | Found a viscous altar of Jiyva.
 25489 | Lair:5   | Reached skill level 15 in Armour
 25848 | Lair:6   | Entered Level 6 of the Lair of Beasts
 25885 | Lair:6   | Reached skill level 16 in Fighting
 25986 | Lair:6   | Received a gift from Trog
 26012 | Lair:6   | Identified the +3 glaive of Causality {vorpal, rElec Str+4
                  | Dex-3 Stlth+}
 26998 | Orc:1    | Entered Level 1 of the Orcish Mines
 26998 | Orc:1    | Found Urchaghui's General Store.
 27784 | Orc:2    | Entered Level 2 of the Orcish Mines
 27784 | Orc:2    | Found Ocitt's General Store.
 27798 | Orc:2    | Bought a potion of curing for 45 gold pieces
 27798 | Orc:2    | Bought a scroll of teleportation for 45 gold pieces
 27798 | Orc:2    | Bought a scroll of identify for 30 gold pieces
 27831 | Orc:2    | Noticed an orc warlord
 27844 | Orc:2    | Received a gift from Trog
 27847 | Orc:2    | Killed an orc warlord
 27856 | Orc:2    | Found Cesun's General Store.
 27860 | Orc:2    | Noticed Donald
 27959 | Orc:2    | Found Weagu's Distillery.
 28185 | Orc:2    | Noticed Sonja
 28186 | Orc:2    | Noticed Erolcha
 28190 | Orc:2    | Cast into level 1 of the Abyss (Erolcha)
 28322 | Abyss:1  | Paralysed by accursed screaming for 2 turns
 28333 | Abyss:1  | Reached XP level 16. HP: 112/154 MP: 15/15
 28442 | Abyss:1  | Noticed an Executioner
 28446 | Abyss:1  | Killed an Executioner
 28447 | Abyss:1  | Reached skill level 17 in Fighting
 28450 | Abyss:1  | Noticed a tentacled starspawn
 28456 | Abyss:1  | Killed a tentacled starspawn
 28463 | Orc:2    | Escaped the Abyss
 28465 | Orc:2    | Killed Sonja
 28477 | Orc:2    | Killed Erolcha
 28578 | Orc:2    | Killed Donald
 28783 | Orc:2    | Bought a potion of curing for 54 gold pieces
 28783 | Orc:2    | Bought a potion of curing for 54 gold pieces
 28888 | Orc:2    | Found a staircase to the Elven Halls.
 29024 | Orc:2    | Found Vura Boc's Antique Armour Shoppe.
 29036 | Orc:2    | Found Qate's Jewellery Shoppe.
 29058 | Orc:2    | Found Ocsanis's Antique Weapon Shoppe.
 29070 | Orc:2    | Bought a shimmering cloak for 285 gold pieces
 29070 | Orc:2    | Identified the +3 cloak "Nomiutt" {rPois Int-3 Dex+3
                  | Slay+5} (You bought it in a shop on level 2 of the Orcish
                  | Mines)
 29123 | Orc:2    | Bought a scroll of fear for 38 gold pieces
 29123 | Orc:2    | Bought a scroll of identify for 22 gold pieces
 29123 | Orc:2    | Identified a scroll of acquirement
 29124 | Orc:2    | Acquired the +10 broad axe "Worm's Wrath" {vorpal, Will+
                  | Int+5}
 29157 | Orc:2    | Found Hodikk's Antique Weapon Boutique.
 29241 | Orc:2    | Found Haresk's Antique Armour Emporium.
 29249 | Orc:2    | Bought a diamond-studded plate armour for 952 gold pieces
 29249 | Orc:2    | Identified the +1 plate armour "Bazapsea" {+Inv} (You
                  | bought it in a shop on level 2 of the Orcish Mines)
 29249 | Orc:2    | Bought a pair of embroidered boots for 255 gold pieces
 29257 | Orc:2    | Received a gift from Trog
 29594 | Shoals:1 | Entered Level 1 of the Shoals
 29601 | Shoals:1 | Reached skill level 15 in Shields
 29750 | Shoals:1 | Found a runed translucent gate.
 29750 | Shoals:1 | Found a runed translucent gate.
 29750 | Shoals:1 | Found a runed translucent gate.
 29751 | Shoals:1 | Found an opulent altar of Gozag.
 29752 | Shoals:1 | Noticed Xoagute's ghost (adept DEFE)
 29753 | Shoals:1 | Found Enaeneo's Assorted Antiques.
 29754 | Shoals:1 | Found Bioxesuu's Assorted Antiques.
 30685 | Shoals:2 | Noticed Ilsuiw
 30728 | Shoals:2 | Killed Ilsuiw
 30729 | Shoals:2 | Reached skill level 18 in Fighting
 31039 | Shoals:2 | Received a gift from Trog
 32092 | Shoals:3 | Reached XP level 17. HP: 159/166 MP: 16/16
 32178 | Shoals:3 | Noticed a hellephant
 32501 | Shoals:3 | Found a transporter.
 32513 | Shoals:3 | Found a transporter.
 33016 | Shoals:3 | Found a one-way gate to the infinite horrors of the Abyss.
 33018 | Shoals:3 | Noticed Shayle's ghost (adept DjIE)
 33033 | Shoals:3 | Killed Shayle's ghost
 33033 | Shoals:3 | Reached ****** piety under Trog
 33039 | Shoals:3 | Gained mutation: You are dopey. (Int -2) [a cacodemon]
 33045 | Shoals:3 | Killed a hellephant
 33074 | Shoals:3 | Reached skill level 19 in Fighting
 33130 | Shoals:4 | Entered Level 4 of the Shoals
 33243 | Shoals:4 | Noticed a kraken
 33254 | Shoals:4 | Killed a kraken
 33427 | Shoals:4 | Received a gift from Trog
 33563 | Shoals:4 | Found the +9 sword of Zonguldrok {reap}
 34015 | Shoals:4 | Killed from afar by a frost giant

Illustrated notes

Levels and vault maps discovered:
D:1:      amcnicky_arrival_abandoned_market, layout_basic,
          ebering_ecumenical_altar_mist
D:2:      layout_basic, minivault_23
D:3:      layout_loops_ring, lemuel_crystal_altar, bh_walls_and_bars
D:4:      layout_rooms, grunt_temple_overflow_open, kennysheep_generic_room_3,
          uniq_natasha
D:5:      layout_cave_pools, nicolae_dithmenos_shadow_blocks, kennysheep_mini
D:6:      cheibrodos_fzero, layout_rooms, minmay_temple_entry_antechambers,
          chequers_jeans, minmay_misc_feat_iff
D:7:      layout_loops_ring, grunt_gozag_breadcrumbs, uniq_maggie, uniq_menkaure
D:8:      layout_basic, hangedman_decor_riveting
D:9:      layout_stronghold, jmf_multi_god_temple, enter_bailey_2,
          grunt_ministairs_8
D:10:     layout_loops_ring, lemuel_crystal_altar, lightli_minifort
D:11:     gammafunk_jiyva_shrine, layout_basic, dpeg_oklobed_lair, serial_shops,
          shop
D:12:     layout_roguey, orc_0_dummy, serial_curves, eino_curves_01,
          eino_curves_03
D:13:     layout_layer_cave, hangedman_vaults_entry_quadrant_bands,
          gauntlet_entry_generic
D:14:     layout_roguey, portal_ice_cave_entry_pillars_2,
          hangedman_decor_diamond_cutter, ebering_ghost_reflecting_pool
D:15:     grunt_enter_depths_giant_problem, layout_gridville, serial_shops,
          shop, chequers_serial_rivers_marsh, corexii_leaking_fountain,
          minmay_three_doors
Lair:1:   layout_cave_pods, grunt_forest_small_clearing_treed,
          serial_bayou_shore_a, grunt_megastairs_1, minmay_lair_oklob_chamber,
          infiniplex_staircase_pool_2, lemuel_fruit_fields, uniq_erica
Lair:2:   layout_misc_corridors, basic_altar
Lair:3:   layout_chaotic_city, minmay_shoals_entry_hut, dummy_spider_entry,
          nicolae_volcano_entry_hallway, kennysheep_snail_temple,
          serial_bayou_shore_b, grunt_megastairs_2
Lair:4:   layout_loops_ring, uniq_nessos
Lair:5:   cheibrodos_lair_overgrown_chateau, layout_cave_pods, slime_altar_1,
          nzn_sisyphean_effort
Lair:6:   gammafunk_lair_ancient_temple, layout_big_grid
Shoals:1: layout_shoals, ebering_ghost_gozag
Shoals:2: layout_shoals, uniq_ilsuiw
Shoals:3: cheibrodos_shoals_three_sisters, layout_shoals,
          gammafunk_ghost_abyssal_escape
Shoals:4: shoals_end_grunt_ice, layout_shoals
Orc:1:    layout_caves, serial_shops, shop, nicolae_orc_pool_cavern
Orc:2:    grunt_orc_cross, layout_diamond_mine, serial_shops,
          nicolae_shop_temple_entry_statues_fountains, nicolae_shop_waterfront,
          shop, nicolae_shop_crystal, uniq_donald, uniq_erolcha, uniq_sonja

Skill      XL: |  1  2  3  4  5  6  7  8  9 10 11 12 13 14 15 16 17 |
---------------+----------------------------------------------------+-----
Axes           | 4 5 6 7 8 10 11 12 13 14 16 17 18 | 18.8
Fighting       | 4 5 6 7 8 10 11 13 14 15 16 18 19 | 19.5
Shields        | 1 2 3 4 6 8 10 11 12 13 14 16 | 16.8
Armour         | 3 4 6 7 9 10 11 12 13 14 15 16 | 16.9
Dodging        | 3 4 5 6 7 8 |  8.9
Long Blades    | 2 |  2.9
Stealth        | |  0.2
Evocations     | |  0.2

Action                   |  1- 3 |  4- 6 |  7- 9 | 10-12 | 13-15 | 16-18 || total
-------------------------+-------+-------+-------+-------+-------+-------++-------
Melee: Hand axe          |    61 |    15 |   105 |   428 |    95 |       ||   704
       Headbutt          |     7 |    29 |    42 |   142 |   278 |   170 ||   668
       War axe           |       |   103 |    98 |       |       |       ||   201
       Long sword        |       |       |       |    12 |       |       ||    12
       Broad axe         |       |       |       |       |   832 |   520 ||  1352
Invok: Berserk           |     1 |     2 |     6 |    12 |    18 |     5 ||    44
       Trog's Hand       |       |       |     1 |     4 |     1 |     2 ||     8
       Brothers in Arms  |       |       |       |     4 |     6 |     3 ||    13
Evoke: Wand              |       |       |       |     2 |       |     1 ||     3
  Use: Scroll            |       |     3 |     3 |    11 |    12 |     5 ||    34
       Potion            |       |       |     2 |     3 |     1 |       ||     6
 Stab: Invisible         |       |       |       |       |     4 |       ||     4
Armor: Animal skin       |    11 |     1 |       |       |       |       ||    12
       Chain mail        |       |    70 |    34 |       |       |       ||   104
       Plate armour      |       |       |    15 |       |       |   151 ||   166
       Scale mail        |       |       |    72 |   218 |   261 |    13 ||   564
Dodge: Dodged            |    37 |    32 |    69 |   196 |   258 |   165 ||   757
Block: Kite shield       |    19 |    55 |   124 |   398 |   769 |   466 ||  1831
       Reflection        |       |       |       |     7 |    51 |    33 ||    91
       Rpst.: Long sword |       |       |       |     1 |       |       ||     1

Table legend: (Time is in decaauts)
 A = Elapsed time spent in this place.
 B = Non-inter-level travel time spent in this place.
 C = Inter-level travel time spent in this place.
 D = Time resting spent in this place.
 E = Time spent auto-exploring this place.
 F = Levels seen in this place.
 G = Mean time per level.
                   A        B        C        D        E       F      G
               +--------+--------+--------+--------+--------+-----+--------+
         Total |  34268 |  32678 |   1590 |   3591 |  23558 |  32 | 1070.9 |
       Dungeon |  17031 |  16000 |   1031 |   1221 |  12399 |  15 | 1135.4 |
          Lair |   6750 |   6433 |    317 |      0 |   5466 |   6 | 1125.0 |
        Shoals |   4357 |   4188 |    169 |    311 |   3015 |   4 | 1089.2 |
  Orcish Mines |   2230 |   2157 |     73 |    203 |   1636 |   2 | 1115.0 |
         Abyss |    254 |    254 |      0 |      0 |    123 |   1 |  254.0 |
        Bailey |   1628 |   1628 |      0 |    949 |    178 |   1 | 1628.0 |
      Ice Cave |    522 |    522 |      0 |    389 |     77 |   1 |  522.0 |
       Volcano |    410 |    410 |      0 |      0 |    291 |   1 |  410.0 |
      Gauntlet |   1083 |   1083 |      0 |    517 |    371 |   1 | 1083.0 |
               +--------+--------+--------+--------+--------+-----+--------+

Top non-repeatable levels by time:
  Lair:1: 1720 daAuts
    D:13: 1656 daAuts
  Bailey: 1628 daAuts
     D:2: 1508 daAuts
   Orc:2: 1421 daAuts
    D:14: 1420 daAuts
    D:15: 1307 daAuts
Shoals:2: 1276 daAuts
  Lair:5: 1266 daAuts
     D:1: 1227 daAuts
     D:6: 1224 daAuts
     D:9: 1202 daAuts
Shoals:3: 1177 daAuts
    D:12: 1141 daAuts
    D:11: 1092 daAuts
